[Event "Late-Titled-Tuesday-Blitz-December-26-2023"]
[Site "Chess.com"]
[Date "2023.12.26"]
[Round "6"]
[White "giomar27"]
[Black "AlexNovitz"]
[Result "1-0"]
[WhiteElo "2393"]
[BlackElo "2196"]
[TimeControl "180+1"]
[EndTime "15:03:34 PST"]
[Termination "giomar27 won by resignation"]

1. b3 e5 2. Bb2 Nc6 3. e3 Nf6 4.
h3 d5 5. Bb5 Bd6 6. Nf3 Qe7 7.
d4 e4 8. Ne5 Bd7 9. Nxd7 Qxd7 10.
c4 a6 11. Bxc6 bxc6 12. O-O O-O 13. Ba3 dxc4 14. bxc4 Rab8 15. Qa4 c5 16. Qxd7 Nxd7 17. Nc3 cxd4 18. Bxd6 cxd6 19. exd4 Rfc8 20. Nxe4 Rxc4 21.
Rfd1 Rb6 22. Rac1 d5 23. Nc3 Nf6 24. Nxd5 Rxc1 25. Rxc1 h6 26. Nxb6 1-0

[Event "Late-Titled-Tuesday-Blitz-December-26-2023"]
[Site "Chess.com"]
[Date "2023.12.26"]
[Round "6"]
[White "DmitryMaximov"]
[Black "FrenchHarvey"]
[Result "0-1"]
[WhiteElo "2748"]
[BlackElo "2639"]
[TimeControl "180+1"]
[EndTime "15:03:46 PST"]
[Termination "FrenchHarvey won by resignation"]

1. e4 c5 2. Nf3 Nc6 3. Bb5 d6 4. O-O Bd7 5. Re1 Nf6 6. h3 Rg8 7. h4 a6 8. Bxc6 Bxc6 9. Nc3 e5 10. d3 h6 11. Nd2 g5 12. hxg5 hxg5 13. Nf1 Qd7 14. Ng3 O-O-O 15. a3 g4 16. b4 d5 17.
exd5 Nxd5 18. Nce4 f5 19. Nxc5 Bxc5 20. bxc5 Nc3 21.
Qd2 Qd5 22. f3 gxf3 23. Qf2 Rxg3 24. Qxg3 Rg8 25. Bg5 Ne2+ 26. Rxe2 fxe2 27. Re1 Qxc5+ 28. Kh2 Rh8+ 29. Bh4 Qd4 0-1

[Event "Late-Titled-Tuesday-Blitz-December-26-2023"]
[Site "Chess.com"]
[Date "2023.12.26"]
[Round "6"]
[White "Zadar321"]
[Black "TST2014"]
[Result "0-1"]
[WhiteElo "2414"]
[BlackElo "2574"]
[TimeControl "180+1"]
[EndTime "15:03:48 PST"]
[Termination "TST2014 won by resignation"]

1. e4 c5 2. Nf3 Nc6 3. Bb5 g6 4.
Bxc6 dxc6 5. d3 Bg7 6. h3 Nf6 7. O-O Nd7 8. Nc3 e5 9. Be3 b6 10. Qd2 h6 11. Nh2 Nf8 12. f4 exf4 13. Bxf4 Ne6 14.
Be3 Nd4 15. Nf3 Be6 16. Rab1 a5 17. Ne2 Bxa2 18. Ra1 Nxe2+ 19. Qxe2 Be6 20. Kh1 Bxb2 21. Rab1 Bg7 22. e5 O-O 23. Qd2 a4 24. Bxh6 a3 25.
Bxg7 Kxg7 26. Ng5 Bd5 27. Qc3 a2 28. e6+ f6 29. Rbe1 Qe7 30. Qb2 b5 31. Rf2 Kg8 32. Ne4 Qxe6 33. Kh2 Bxe4 34. Rxe4 Qxe4 35.
dxe4 a1=Q 0-1

[Event "Late-Titled-Tuesday-Blitz-December-26-2023"]
[Site "Chess.com"]
[Date "2023.12.26"]
[Round "6"]
[White "Ajedrez_con_German"]
[Black "DinaBelenkaya"]
[Result "1-0"]
[WhiteElo "2588"]
[BlackElo "2396"]
[TimeControl "180+1"]
[EndTime "15:04:07 PST"]
[Termination "Ajedrez_con_German won by checkmate"]

1. Nf3 d5 2. d4 Nf6 3. Bf4 Bf5 4. e3 c6 5. Bd3 Bxd3 6. Qxd3 e6 7.
O-O Bd6 8. Ne5 Na6 9. c3 Nc7 10.
Nd2 Nh5 11. Qe2 Nxf4 12. exf4 Qf6 13. g3 h5 14. h4 O-O-O 15. Rfe1 Be7 16. Ndf3 Qf5 17.
a4 Ne8 18. a5 a6 19. Nxc6 bxc6 20. Qxa6+ Kb8 21. Qb6+ Ka8 22. Qxc6+ Ka7 23. Qb6+ Ka8 24. Qa6+ Kb8 25. Ne5 Rd6 26. Qb5+ Ka7 27. a6 Rb6 28.
Nc6+ Rxc6 29. Qb7# 1-0

[Event "Late-Titled-Tuesday-Blitz-December-26-2023"]
[Site "Chess.com"]
[Date "2023.12.26"]
[Round "6"]
[White "CarlosjPineror"]
[Black "Schwindle"]
[Result "0-1"]
[WhiteElo "2484"]
[BlackElo "2392"]
[TimeControl "180+1"]
[EndTime "15:04:10 PST"]
[Termination "Schwindle won by resignation"]

1. e4 e6 2. d4 d5 3. e5 c5 4. c3 Nc6 5. Nf3 Bd7 6. a3 f6 7.
Bd3 Qc7 8. exf6 Nxf6 9. O-O cxd4 10. cxd4 Bd6 11. Nc3 a6 12. Re1 O-O 13. Bg5 Ng4 14. h3 Bh2+ 15. Kf1 Nxf2 16. Kxf2 Qg3+ 17. Ke2 Nxd4+ 18. Kd2 Nxf3+ 19. gxf3 Qxg5+ 20. Kc2 Rac8 21. h4 Qf6 22. Qe2 Bd6 23. Rad1 Ba4+ 24. Kb1 Bxd1 25. Rxd1 Bxa3 0-1

[Event "Late-Titled-Tuesday-Blitz-December-26-2023"]
[Site "Chess.com"]
[Date "2023.12.26"]
[Round "6"]
[White "elchacal664"]
[Black "kingofthenil"]
[Result "1-0"]
[WhiteElo "2313"]
[BlackElo "2653"]
[TimeControl "180+1"]
[EndTime "15:04:15 PST"]
[Termination "elchacal664 won on time"]

1. e4 Nc6 2. d4 d5 3. exd5 Qxd5 4. Nf3 e5 5. dxe5 Qxd1+ 6. Kxd1 Bg4 7. Be2 O-O-O+ 8.
Ke1 f6 9. exf6 Nxf6 10. c3 Bc5 11. h3 Bh5 12. Kf1 Rhe8 13. Nbd2 a5 14. Nc4 Ne4 15. Be3 Bxe3 16. Nxe3 Ng3+ 17. fxg3 Rxe3 18. g4 Bg6 19. Kf2 Re7 20. Rhe1 Rf8 21. Kg3 a4 22. Bb5 1-0

[Event "Late-Titled-Tuesday-Blitz-December-26-2023"]
[Site "Chess.com"]
[Date "2023.12.26"]
[Round "6"]
[White "protectiago"]
[Black "BeardedNM"]
[Result "0-1"]
[WhiteElo "2048"]
[BlackElo "2173"]
[TimeControl "180+1"]
[EndTime "15:04:19 PST"]
[Termination "BeardedNM won by resignation"]

1. d4 e6 2. c4 Nf6 3. Nf3 d5 4.
g3 Be7 5. Bg2 O-O 6. O-O dxc4 7.
Ne5 Nc6 8. Bxc6 bxc6 9. Nxc6 Qe8 10.
Nxe7+ Qxe7 11. Qa4 e5 12. dxe5 Qxe5 13. Qxc4 Be6 14.
Qc2 Bf5 15. Qd1 Rad8 16. Qe1 Bh3 17. f4 Qc5+ 18. e3 Bxf1 19. Qxf1 Ng4 0-1

[Event "Late-Titled-Tuesday-Blitz-December-26-2023"]
[Site "Chess.com"]
[Date "2023.12.26"]
[Round "6"]
[White "ElenGajger"]
[Black "RebecaJimnz"]
[Result "0-1"]
[WhiteElo "2431"]
[BlackElo "2277"]
[TimeControl "180+1"]
[EndTime "15:04:22 PST"]
[Termination "RebecaJimnz won by resignation"]

1. e4 c5 2. Nc3 Nc6 3. Bb5 Nd4 4.
Bc4 e6 5. Nf3 Ne7 6. O-O g6 7.
Nxd4 cxd4 8. Nb5 d5 9. exd5 Nxd5 10. Nxd4 Bg7 11. Nf3 O-O 12. d3 a6 13. a4 b6 14.
c3 Bb7 15. Bg5 Qd7 16. Re1 Rac8 17. Qd2 b5 18. axb5 axb5 19. Bb3 Nxc3 20. bxc3 Bxc3 21. Qf4 Qxd3 22. Re3 Qd7 23. Rxc3 Rxc3 24. Bf6 Rxf3 25. Qh6 Rxf6 0-1

[Event "Late-Titled-Tuesday-Blitz-December-26-2023"]
[Site "Chess.com"]
[Date "2023.12.26"]
[Round "6"]
[White "Pertinhez76"]
[Black "2KTNGO"]
[Result "0-1"]
[WhiteElo "2078"]
[BlackElo "2502"]
[TimeControl "180+1"]
[EndTime "15:04:49 PST"]
[Termination "2KTNGO won by resignation"]

1. d4 Nf6 2. Nf3 c5 3. e3 e6 4.
c3 b6 5. Be2 Bb7 6. Nbd2 d5 7.
O-O Bd6 8. Re1 Nbd7 9. b3 Ne4 10. Qc2 O-O 11. Bb2 f5 12. Rac1 Rc8 13. Qb1 Qf6 14. Nf1 Qh6 15. h3 Ndf6 16. c4 f4 17. Ne5 fxe3 18. Nxe3 Nxf2 19. Kxf2 Ng4+ 20. Kg1 Qxe3+ 21. Kh1 Nf2+ 22. Kh2 cxd4 23. Bf3 Bxe5+ 24. Kg1 Nxh3+ 25. Kh1 Qg1+ 0-1

[Event "Late-Titled-Tuesday-Blitz-December-26-2023"]
[Site "Chess.com"]
[Date "2023.12.26"]
[Round "6"]
[White "Genghis_K"]
[Black "GoltsevDmitry2000"]
[Result "1-0"]
[WhiteElo "2872"]
[BlackElo "2683"]
[TimeControl "180+1"]
[EndTime "15:04:50 PST"]
[Termination "Genghis_K won by resignation"]

1. e4 e6 2. d4 d5 3. e5 c5 4. c3 Nc6 5. Nf3 Nge7 6. Bd3 Nf5 7.
dxc5 Bxc5 8. Nbd2 Bxf2+ 9. Kxf2 Qb6+ 10. Ke1 Ne3 11. Qe2 d4 12. Nxd4 Nxd4 13. cxd4 Qxd4 14. Nb3 Nxg2+ 15. Kf1 Qd8 16. Kxg2 Bd7 17. Be4 h5 18. Rd1 h4 19. Qg4 h3+ 20. Kh1 Rh4 21. Qxg7 Qe7 22. Bg5 Qb4 23. Qg8+ 1-0

[Event "Late-Titled-Tuesday-Blitz-December-26-2023"]
[Site "Chess.com"]
[Date "2023.12.26"]
[Round "6"]
[White "powermove"]
[Black "KejJaj"]
[Result "0-1"]
[WhiteElo "2014"]
[BlackElo "2151"]
[TimeControl "180+1"]
[EndTime "15:04:57 PST"]
[Termination "KejJaj won by resignation"]

1. d4 f5 2. h3 Nf6 3. g4 d5 4. Nc3 e6 5. Bg5 c5 6. Nf3 cxd4 7. Qxd4 Nc6 8. Qd2 Bb4 9. a3 Ba5 10. e3 O-O 11. Bxf6 Qxf6 12. g5 Qe7 13. b4 Bb6 14.
Bb5 a5 15. Bxc6 bxc6 16. Rb1 axb4 17. axb4 Ba6 18. h4 e5 19. Ne2 Rad8 20. O-O f4 21.
exf4 exf4 22. Rfe1 Qd7 23. Nh2 Qh3 24. Nxf4 Qxh4 25.
Ng2 Qh5 26. Re2 Bxe2 0-1

[Event "Late-Titled-Tuesday-Blitz-December-26-2023"]
[Site "Chess.com"]
[Date "2023.12.26"]
[Round "6"]
[White "Shankland"]
[Black "CheckThis4"]
[Result "1-0"]
[WhiteElo "2946"]
[BlackElo "2729"]
[TimeControl "180+1"]
[EndTime "15:04:58 PST"]
[Termination "Shankland won by resignation"]

1. d4 d5 2. c4 e6 3. Nf3 Nf6 4. Nc3 Bb4 5. Qa4+ Nc6 6. Bd2 O-O 7. a3 Be7 8. e3 a6 9. Qc2 dxc4 10. Bxc4 b5 11. Bd3 Bb7 12. Ne4 h6 13. Nxf6+ Bxf6 14. Bh7+ Kh8 15. Be4 Qd7 16. Rc1 Nd8 17. O-O Bxe4 18.
Qxe4 c6 19. Rc2 Rc8 20. Rfc1 Qd5 21. Qxd5 exd5 22. Ba5 Nb7 23. Bb4 Rfe8 24. Rxc6 Rxc6 25. Rxc6 a5 26. Bd2 Re6 27. Rc7 Nd6 28. Bxa5 Nc4 29. Bc3 Kg8 30. Rc5 b4 31. axb4 Ra6 32. g3 Ra1+ 33.
Kg2 Rc1 34. Rxd5 Rc2 35. Kf1 g5 36. Rc5 Nd6 37. Nd2 g4 38. Ke2 Rc1 39. b5 Be7 40. b6 1-0

[Event "Late-Titled-Tuesday-Blitz-December-26-2023"]
[Site "Chess.com"]
[Date "2023.12.26"]
[Round "6"]
[White "grandemestregringo"]
[Black "PapaieDudu"]
[Result "1-0"]
[WhiteElo "2665"]
[BlackElo "2502"]
[TimeControl "180+1"]
[EndTime "15:04:58 PST"]
[Termination "grandemestregringo won by resignation"]

1. f4 Nf6 2. Nf3 d5 3. e3 b6 4. b3 e6 5. Bb2 Bd6 6. Nc3 O-O 7. g4 c5 8. g5 Ne4 9. Nxe4 dxe4 10. Ne5 Bxe5 11. Bxe5 Nc6 12. Bc3 e5 13. Bb5 exf4 14. Bxc6 Qxg5 15. Qe2 Qh4+ 16. Qf2 Qh5 17.
Bxa8 Ba6 18. Rg1 g6 19. Bxe4 Re8 20. Bf3 Qf5 21. e4 Qe6 22. O-O-O c4 23. b4 Qc6 24. Qd4 1-0

[Event "Late-Titled-Tuesday-Blitz-December-26-2023"]
[Site "Chess.com"]
[Date "2023.12.26"]
[Round "6"]
[White "BestestBP"]
[Black "Fore_Man"]
[Result "0-1"]
[WhiteElo "2187"]
[BlackElo "2391"]
[TimeControl "180+1"]
[EndTime "15:04:58 PST"]
[Termination "Fore_Man won by resignation"]

1. c4 e5 2. Nc3 Bb4 3. Nd5 Be7 4. d4 exd4 5. Qxd4 Nf6 6. Nxe7 Qxe7 7. Bg5 Qb4+ 8. Bd2 Qe7 9. Qe3 Nc6 10. Qxe7+ Nxe7 11. Bc3 d6 12. Nf3 Rg8 13. b3 Ne4 14. Bb2 Bg4 15.
Nd4 Nc5 16. f3 Bd7 17. e4 Ne6 18. O-O-O O-O-O 19. Nc2 f5 20. exf5 Nxf5 21. Bd3 Nc5 22. Bf1 g6 23. b4 Na4 24. Bf6 Rde8 25. g4 Ne3 26. Rd2 Nxc2 27. Kxc2 Re1 28. Bg2 Rxh1 29. Bxh1 Re8 30. Kd1 Nb6 31. Rc2 Ba4 32. Kd2 Bxc2 33.
Kxc2 Re1 34. c5 dxc5 35. bxc5 Nd7 36. g5 Rxh1 37. Kd2 Nxf6 38. gxf6 Kd7 39. c6+ bxc6 0-1

[Event "Late-Titled-Tuesday-Blitz-December-26-2023"]
[Site "Chess.com"]
[Date "2023.12.26"]
[Round "6"]
[White "lukazz029"]
[Black "YouShallNotPass001"]
[Result "1-0"]
[WhiteElo "2024"]
[BlackElo "2496"]
[TimeControl "180+1"]
[EndTime "15:04:59 PST"]
[Termination "lukazz029 won by checkmate"]

1. e4 e6 2. d4 d5 3. Nc3 Bb4 4. e5 c5 5. a3 Bxc3+ 6. bxc3 Ne7 7.
Qg4 cxd4 8. Qxg7 Rg8 9. Qxh7 Qc7 10. Ne2 dxc3 11. f4 Nbc6 12. Qd3 d4 13. Ng3 Bd7 14.
Ne4 O-O-O 15. Nd6+ Kb8 16. Nxf7 Rdf8 17. Nd6 Nd5 18.
Rb1 b6 19. g3 Ne3 20. Bxe3 dxe3 21. Bg2 Rxf4 22. Nb5 Nxe5 23. Qxe3 Bxb5 24. Rxb5 Rf5 25. Qe4 Qc4 26. Qb7# 1-0

[Event "Late-Titled-Tuesday-Blitz-December-26-2023"]
[Site "Chess.com"]
[Date "2023.12.26"]
[Round "6"]
[White "maracayo"]
[Black "Anar_Aliakbarov"]
[Result "0-1"]
[WhiteElo "2386"]
[BlackElo "2514"]
[TimeControl "180+1"]
[EndTime "15:05:00 PST"]
[Termination "Anar_Aliakbarov won by resignation"]

1. e4 e5 2. Nf3 Nc6 3. Bb5 a6 4. Ba4 Nf6 5. O-O Nxe4 6. d4 b5 7. d5 bxa4 8. dxc6 d6 9. Re1 Nf6 10. c4 Bg4 11. Nbd2 a3 12. b3 Be7 13. Bxa3 O-O 14.
h3 Bh5 15. Qc2 Qe8 16. Nxe5 dxe5 17. Rxe5 Bxa3 18. Rxe8 Rfxe8 19. Nf1 Re2 20. Qf5 Bg6 21.
Qa5 Bd6 22. c5 Be5 23. Rd1 h5 24. Rd2 Rxd2 25. Nxd2 Rd8 26. g3 Rd3 27. Nc4 Rd1+ 28. Kh2 Be4 0-1

[Event "Late-Titled-Tuesday-Blitz-December-26-2023"]
[Site "Chess.com"]
[Date "2023.12.26"]
[Round "6"]
[White "Inepton_Fermion"]
[Black "PawnEatingZombie"]
[Result "1-0"]
[WhiteElo "2422"]
[BlackElo "2093"]
[TimeControl "180+1"]
[EndTime "15:05:09 PST"]
[Termination "Inepton_Fermion won by resignation"]

1. e4 e6 2. Nf3 d5 3. d3 dxe4 4. dxe4 Qxd1+ 5. Kxd1 c5 6. c3 Nd7 7. Be3 b6 8. a4 Bb7 9. Nfd2 Ngf6 10. f3 Be7 11.
Kc2 O-O 12. Na3 Rfd8 13. h4 Ne8 14. h5 h6 15. g4 Nd6 16. Nb5 a6 17. Nxd6 Bxd6 18.
Nc4 Bc7 19. Be2 f5 20. gxf5 exf5 21. Rag1 fxe4 22. Bxh6 exf3 23. Rxg7+ Kh8 24. Bd3 f2 25. Rf1 Rf8 26. Rh7+ Kg8 27. Bxf8 Rxf8 28. Rxd7 Bg2 29. Rxc7 Bxf1 30. Bxf1 1-0

[Event "Late-Titled-Tuesday-Blitz-December-26-2023"]
[Site "Chess.com"]
[Date "2023.12.26"]
[Round "6"]
[White "Dr_crypt"]
[Black "Andrej2004"]
[Result "1-0"]
[WhiteElo "2385"]
[BlackElo "2551"]
[TimeControl "180+1"]
[EndTime "15:05:10 PST"]
[Termination "Dr_crypt won by resignation"]

1. Nf3 Nf6 2. b3 d6 3. d4 g6 4.
Bb2 Bg7 5. g3 O-O 6. Bg2 Nbd7 7. O-O Re8 8. c4 c6 9. Re1 Qc7 10. e4 e5 11. Nbd2 exd4 12. Nxd4 Nc5 13. Qc2 a5 14. h3 Bd7 15. Rad1 Rad8 16. a3 Qc8 17. Kh2 h5 18. b4 axb4 19. axb4 Ne6 20. N4f3 Nh7 21. Bxg7 Kxg7 22. Nb3 Neg5 23. Ng1 Qc7 24.
c5 dxc5 25. Nxc5 Bc8 26. f4 Ne6 27. f5 Nxc5 28. bxc5 h4 29. Qc3+ Kg8 30. fxg6 fxg6 31. Rxd8 Rxd8 32. e5 Ng5 33. Qc4+ Nf7 34. Qxh4 Nxe5 35.
Rxe5 1-0

[Event "Late-Titled-Tuesday-Blitz-December-26-2023"]
[Site "Chess.com"]
[Date "2023.12.26"]
[Round "6"]
[White "GMthekingindian"]
[Black "ShahMatKanal"]
[Result "1/2-1/2"]
[WhiteElo "2321"]
[BlackElo "2519"]
[TimeControl "180+1"]
[EndTime "15:05:18 PST"]
[Termination "Game drawn by repetition"]

1. e4 d5 2. exd5 Qxd5 3. Nc3 Qa5 4. Nf3 Nf6 5. d4 Bg4 6. h3 Bh5 7. Bd2 c6 8. g4 Bg6 9. Ne5 Nbd7 10. Nxg6 hxg6 11.
Qf3 e6 12. Bc4 Qc7 13. Bb3 Nb6 14. O-O-O O-O-O 15. Bf4 Bd6 16. Bxd6 Rxd6 17. Ne4 Nxe4 18. Qxe4 a5 19. c3 a4 20. Bc2 a3 21. b3 Nd5 22.
Rd3 f5 23. Qf3 Nf6 24. gxf5 exf5 25. Rdd1 Rh6 26. c4 Kb8 27. Qe3 Qd7 28. b4 Rh4 29.
Qxa3 Rhxd4 30. Qg3 Ka8 31. Qa3+ Kb8 32. Qg3 Ka8 33. Qa3+ Kb8 1/2-1/2

[Event "Late-Titled-Tuesday-Blitz-December-26-2023"]
[Site "Chess.com"]
[Date "2023.12.26"]
[Round "6"]
[White "attack2mateU"]
[Black "Kaua18"]
[Result "1-0"]
[WhiteElo "2723"]
[BlackElo "2541"]
[TimeControl "180+1"]
[EndTime "15:05:22 PST"]
[Termination "attack2mateU won by resignation"]

1. e4 c6 2. Nc3 d5 3. Nf3 Bg4 4. h3 Bxf3 5. Qxf3 e6 6. Be2 Nd7 7. d4 dxe4 8. Nxe4 Ngf6 9. c3 Nxe4 10. Qxe4 Be7 11. O-O O-O 12. a4 Nf6 13. Qc2 Qc7 14. a5 Rfd8 15. Bf3 Rab8 16. g3 Bd6 17. Kg2 Rbc8 18. Re1 h6 19. Bd2 c5 20. dxc5 Bxc5 21.
Bf4 Bd6 22. Be3 Bc5 23. Bxc5 Qxc5 24. Bxb7 Rc7 25. a6 Rcd7 26. Rad1 Qb5 27. Rxd7 Rxd7 28. Rd1 Rxd1 29. Qxd1 Qxb2 30. Qd4 e5 31. Qxa7 Nd7 32.
Bc6 Nb6 33. Qb8+ Kh7 34. a7 e4 35. a8=Q e3 36. Be4+ 1-0

[Event "Late-Titled-Tuesday-Blitz-December-26-2023"]
[Site "Chess.com"]
[Date "2023.12.26"]
[Round "6"]
[White "HalfIsCrayfish"]
[Black "kasparicy"]
[Result "1-0"]
[WhiteElo "2619"]
[BlackElo "2450"]
[TimeControl "180+1"]
[EndTime "15:05:28 PST"]
[Termination "HalfIsCrayfish won by resignation"]

1. c3 f5 2. d4 Nf6 3. g3 e6 4.
Bg2 d6 5. Nd2 Be7 6. Ngf3 O-O 7.
O-O Nc6 8. Re1 e5 9. e4 f4 10.
dxe5 dxe5 11. Nc4 Ng4 12. Qxd8 Bxd8 13. h3 fxg3 14. hxg4 gxf2+ 15. Kxf2 Bh4+ 16. Ke2 Bxe1 17. Kxe1 Bxg4 18. Nfxe5 Nxe5 19. Nxe5 Be6 20. Be3 Rae8 21. Nd3 Bc4 22. Nf2 c6 23. b3 Be6 24. Rd1 Rd8 25. Rxd8 Rxd8 26. Ke2 h6 27. Nd3 g5 28. Ne5 Bf7 29.
Bf3 a5 30. Ng4 Kh7 31. Bd4 h5 32. Nf6+ Kg6 33. Bxh5+ 1-0

[Event "Late-Titled-Tuesday-Blitz-December-26-2023"]
[Site "Chess.com"]
[Date "2023.12.26"]
[Round "6"]
[White "frederiksvane"]
[Black "BardArtem"]
[Result "1-0"]
[WhiteElo "2962"]
[BlackElo "2676"]
[TimeControl "180+1"]
[EndTime "15:05:29 PST"]
[Termination "frederiksvane won by resignation"]

1. e4 e5 2. Nf3 Nc6 3. Bb5 Nf6 4. O-O Nxe4 5. d4 Nd6 6. Bxc6 dxc6 7. dxe5 Nf5 8. Qxd8+ Kxd8 9. Nc3 Ke8 10. h3 h5 11.
Ne2 Be7 12. Rd1 Be6 13. Nf4 Rh6 14. Ne2 Rh8 15. b3 Bd5 16. Ne1 Rd8 17. c4 Be6 18. Rxd8+ Kxd8 19. Nf4 Rh6 20. Nf3 Kc8 21. Nxe6 Rxe6 22.
g4 hxg4 23. hxg4 Nh6 24. Bxh6 Rxh6 25. Kg2 Kd7 26. Kg3 Ke6 27. Nd4+ Kxe5 28. Nf5 Re6 29. Nxg7 Rg6 30. Re1+ 1-0

[Event "Late-Titled-Tuesday-Blitz-December-26-2023"]
[Site "Chess.com"]
[Date "2023.12.26"]
[Round "6"]
[White "b_6"]
[Black "TheMagician"]
[Result "1/2-1/2"]
[WhiteElo "2376"]
[BlackElo "2177"]
[TimeControl "180+1"]
[EndTime "15:05:31 PST"]
[Termination "Game drawn by repetition"]

1. d4 Nf6 2. Nf3 d5 3. Bf4 c6 4. e3 Bg4 5. c4 Qb6 6. Qb3 Bxf3 7. gxf3 Nbd7 8. Nc3 e6 9. c5 Qxb3 10. axb3 a6 11.
b4 Rc8 12. h4 Nh5 13. Bh2 g6 14. Be2 Be7 15. Bg3 Nxg3 16. fxg3 e5 17. Kd2 h5 18.
Kd3 f5 19. f4 e4+ 20. Kd2 Nb8 21. Na4 Bd8 22. Ra3 Rh7 23. Rha1 Rg7 24. Nc3 Rh7 25. R3a2 Rd7 26. Ra3 Ke7 27. R3a2 Ke6 28. Ra3 Rdc7 29.
Bd1 Rh7 30. Bb3 Rg7 31. R3a2 Bc7 32. Ra3 Rd8 33. Bd1 Rdd7 34. Be2 Bd8 35. Na4 Rge7 36. Nc3 Kf6 37. Bf1 Ke6 38. Be2 Kf6 39. Nd1 Ke6 40.
Nf2 Kf6 41. Nh3 Rg7 42. Ng5 Rg8 43. R3a2 Re8 44. Ra3 Kg7 45. Nh3 Bf6 46. Nf2 Kf7 47. Nd1 Bd8 48. Nc3 Ke6 49. R3a2 Bc7 50. Ra3 Bd8 51.
R3a2 Bc7 52. Ra3 Bd8 1/2-1/2

[Event "Late-Titled-Tuesday-Blitz-December-26-2023"]
[Site "Chess.com"]
[Date "2023.12.26"]
[Round "6"]
[White "nitpicker"]
[Black "cthulhuuu"]
[Result "0-1"]
[WhiteElo "2310"]
[BlackElo "2458"]
[TimeControl "180+1"]
[EndTime "15:05:32 PST"]
[Termination "cthulhuuu won on time"]

1. d4 Nf6 2. c4 e5 3. dxe5 Ng4 4. Bf4 Nc6 5. Nf3 Bb4+ 6. Nbd2 Qe7 7. e3 Ngxe5 8.
Nxe5 Nxe5 9. Be2 a5 10. O-O d6 11. Rc1 O-O 12. h3 Be6 13. Bg3 f5 14. f4 Ng6 15.
Bf3 c6 16. Nb3 a4 17. Nd4 Bc5 18. Re1 Rfe8 19. e4 Qf6 20. e5 dxe5 21. fxe5 Qg5 22. Bf2 Rad8 23. Nxe6 Rxe6 24. Qxa4 Bxf2+ 25. Kxf2 Rd2+ 26. Kf1 Nh4 27. Rc2 Nxf3 28. Rxd2 Nxd2+ 0-1

[Event "Late-Titled-Tuesday-Blitz-December-26-2023"]
[Site "Chess.com"]
[Date "2023.12.26"]
[Round "6"]
[White "campochess"]
[Black "Gyulamiryan-koryun"]
[Result "1-0"]
[WhiteElo "2171"]
[BlackElo "2019"]
[TimeControl "180+1"]
[EndTime "15:05:33 PST"]
[Termination "campochess won on time"]

1. e4 e5 2. d4 exd4 3. Nf3 c5 4. c3 d5 5. exd5 Qxd5 6. Na3 Qe4+ 7. Be2 Nc6 8. O-O Be6 9. cxd4 O-O-O 10. Bd3 Qg4 11. Qa4 Nxd4 12. Nxd4 Qxd4 13. Bc4 Bxc4 14. Nxc4 Ne7 15.
Be3 Qd7 16. Qxa7 Qb5 17. Qa8+ Kc7 18. Bf4+ Kc6 19. Na5+ Kd7 20. Rfd1+ Ke6 21. Qxd8 Nf5 22. Qd5+ Kf6 23. Be5+ Kg6 24. Nc4 1-0

[Event "Late-Titled-Tuesday-Blitz-December-26-2023"]
[Site "Chess.com"]
[Date "2023.12.26"]
[Round "6"]
[White "norman927"]
[Black "micke12a"]
[Result "1-0"]
[WhiteElo "2345"]
[BlackElo "2391"]
[TimeControl "180+1"]
[EndTime "15:05:40 PST"]
[Termination "norman927 won by checkmate"]

1. e4 c5 2. Nf3 d6 3. Nc3 Nf6 4. Bc4 e6 5. d4 cxd4 6. Nxd4 a6 7. Bb3 b5 8. Bg5 Be7 9. Qf3 Bb7 10. Bxe6 fxe6 11.
Nxe6 Qa5 12. Nxg7+ Kf7 13. Nf5 Nbd7 14. O-O-O b4 15.
Nxd6+ Bxd6 16. Bxf6 Nxf6 17. Rxd6 Qg5+ 18. Kb1 bxc3 19. Rd7+ Ke6 20. Rxb7 Rhb8 21. Qxc3 Qe5 22. Re7+ Kxe7 23. Qxe5+ Kf7 24. Qc7+ Ke6 25. f4 Ne8 26. f5+ Kf6 27. e5+ Kxf5 28. Rf1+ Ke6 29. Qf7+ Kxe5 30.
Rf5+ Kd6 31. Rd5+ Kc6 32. Qd7+ Kb6 33. Qe6+ Kb7 34. Rd7+ Nc7 35. Qd5+ Kc8 36. Rd8# 1-0

[Event "Late-Titled-Tuesday-Blitz-December-26-2023"]
[Site "Chess.com"]
[Date "2023.12.26"]
[Round "6"]
[White "SEBAZZANO"]
[Black "misterlamine"]
[Result "0-1"]
[WhiteElo "2276"]
[BlackElo "2449"]
[TimeControl "180+1"]
[EndTime "15:05:43 PST"]
[Termination "misterlamine won on time"]

1. d4 Nf6 2. Bf4 g6 3. Nc3 Bg7 4. e4 d6 5. Qd2 O-O 6. O-O-O c6 7. h4 h5 8. Nf3 b5 9. Bd3 Ng4 10. e5 a5 11. Ne4 d5 12. Nc5 Na6 13. Nxa6 Rxa6 14.
Nh2 Nxh2 15. Rxh2 a4 16. Bh6 Rb6 17. Qg5 e6 18. Bxg7 Qxg5+ 19. hxg5 Kxg7 20. Be2 b4 21. g4 hxg4 22. Rdh1 Rg8 23. Rh7+ Kf8 24. Bxg4 b3 25. cxb3 axb3 26. a3 Ba6 27. Kd2 c5 28. dxc5 Rc6 29.
Rc1 Bc4 30. Be2 Rxc5 31. Bxc4 dxc4 32. Rh4 Rxe5 33. f4 Rd5+ 34. Kc3 Ke7 35. Re1 Rc8 36. Re4 Rd3+ 37. Kb4 c3 38. bxc3 b2 39. Rh1 Rcxc3 40. Rb1 Rb3+ 41. Kc4 Rdc3+ 42. Kd4 Rc1 0-1

[Event "Late-Titled-Tuesday-Blitz-December-26-2023"]
[Site "Chess.com"]
[Date "2023.12.26"]
[Round "6"]
[White "KNVB"]
[Black "StellarChess"]
[Result "0-1"]
[WhiteElo "2693"]
[BlackElo "2540"]
[TimeControl "180+1"]
[EndTime "15:05:44 PST"]
[Termination "StellarChess won on time"]

1. d4 a6 2. e4 c6 3. Bd3 d5 4. e5 c5 5. dxc5 Nc6 6. f4 Qa5+ 7. c3 Qxc5 8. Qe2 d4 9. Be4 Bd7 10. Nf3 dxc3 11. Nxc3 e6 12. Be3 Qa5 13. O-O Bc5 14.
Rfd1 Rd8 15. a3 Nh6 16. b4 Bxe3+ 17. Qxe3 Qc7 18. b5 Ne7 19. Rac1 Nhf5 20. Qf2 Qb8 21. g4 Nh6 22. h3 axb5 23. Ng5 Bc6 24. Rxd8+ Qxd8 25. Rd1 Qc7 26. Qc5 O-O 27. Bxh7+ Kh8 0-1

[Event "Late-Titled-Tuesday-Blitz-December-26-2023"]
[Site "Chess.com"]
[Date "2023.12.26"]
[Round "6"]
[White "dennisodessa"]
[Black "C_K_G"]
[Result "1-0"]
[WhiteElo "2502"]
[BlackElo "2075"]
[TimeControl "180+1"]
[EndTime "15:05:46 PST"]
[Termination "dennisodessa won by resignation"]

1. d4 d5 2. c4 e6 3. Nc3 Nf6 4. cxd5 exd5 5. Bg5 Be7 6. e3 c6 7. Bd3 O-O 8. Qc2 h6 9. Bh4 Re8 10. h3 b6 11. Nf3 Nbd7 12. O-O Nf8 13. Ne5 Bb7 14.
Rfd1 N6d7 15. Bxe7 Qxe7 16. Nf3 Ne6 17. Rac1 Ng5 18.
Nxg5 Qxg5 19. e4 dxe4 20. Nxe4 Qh4 21. Nd6 Reb8 22. Bc4 Nf6 23. Nxf7 Kf8 24. Nd6 Qf4 25. Qg6 Nd5 26. Bxd5 cxd5 27. Rc7 1-0

[Event "Late-Titled-Tuesday-Blitz-December-26-2023"]
[Site "Chess.com"]
[Date "2023.12.26"]
[Round "6"]
[White "Kleyton_Lima"]
[Black "Onthequiet"]
[Result "1-0"]
[WhiteElo "2578"]
[BlackElo "2424"]
[TimeControl "180+1"]
[EndTime "15:05:48 PST"]
[Termination "Kleyton_Lima won on time"]

1. e4 c6 2. d4 d5 3. e5 Bf5 4. h4 h6 5. g4 Be4 6. f3 Bh7 7. e6 Nf6 8. exf7+ Kxf7 9. Bd3 Bxd3 10.
Qxd3 Qd6 11. f4 Nxg4 12. h5 Qe6+ 13. Ne2 Qe4 14. Qh3 Nf6 15. Nc3 Qxc2 16. Qc8 Na6 17. Qxa8 Nb4 18. Qxb7 Nd3+ 19. Kf1 Ng4 20. Qxc6 e6 21. Rg1 Nf6 22. Be3 Nxb2 23. Rc1 Qf5 24. Nb5 1-0